 Dungeon Crawl Stone Soup version 0.30-a0-528-g8c47a4955b (webtiles) character file.

Game seed: 985673204727154606

124 NinjaNoafa the Ducker (level 5, -3/42 HPs)
             Began as a Merfolk Gladiator on Dec 24, 2022.
             Shot with a sling bullet by a goblin (4 damage)
             ... on level 3 of the Dungeon.
             The game lasted 00:05:42 (1834 turns).

NinjaNoafa the Ducker (Merfolk Gladiator)           Turns: 1834, Time: 00:05:42

Health: -3/42      AC:  8    Str: 15    XL:     5   Next: 8%
Magic:  5/5        EV: 14    Int:  7    God:
Gold:   163        SH:  0    Dex: 17    Spells: 4/4 levels left

rFire   + . .      SeeInvis .    a - +0 rapier
rCold   . . .      Faith    .    (no shield)
rNeg    . . .      Spirit   .    o - +1 robe {rF+}
rPois   .          Reflect  .    c - +0 helmet
rElec   .          Harm     .    j - +0 cloak
rCorr   +          Rampage  .    m - +2 pair of gloves
Will    .....                    (no boots)
Stlth   ++                       (no amulet)
HPRegen 0.27/turn                b - ring of resist corrosion
MPRegen 0.09/turn                (no ring)

@: no status effects
A: (nimble swimmer 2), mertail
a: no special abilities


You were on level 3 of the Dungeon.
You visited 1 branch of the dungeon, and saw 3 of its levels.

You collected 163 gold pieces.

Inventory:

Hand Weapons
 a - a +0 rapier (weapon)
Missiles
 d - 2 throwing nets
 f - 17 stones
 p - a javelin (quivered)
Armour
 c - a +0 helmet (worn)
 j - a +0 cloak (worn)
 m - a +2 pair of gloves (worn)
 o - a +1 robe of fire resistance (worn)
Jewellery
 b - a ring of resist corrosion (left hand)
Scrolls
 e - a scroll of fog {unknown}
 g - a scroll of teleportation {unknown}
 k - 2 scrolls of identify {unknown}
 l - a scroll of butterflies {unknown}
 r - a scroll of silence {unknown}
 s - a scroll of vulnerability {unknown}
Potions
 h - 2 potions of berserk rage {unknown}
 i - 2 potions of mutation {unknown}
 n - 2 potions of curing {unknown}
 q - a potion of degeneration {unknown}


   Skills:
 + Level 3.7 Fighting
 + Level 4.8 Short Blades
 - Level 2.0 Throwing
 + Level 5.3 Dodging


You had 4 spell levels left.
You didn't know any spells.
Your spell library contained the following spells:

 Spells                   Type           Power      Damage    Failure   Level
 Kiss of Death            Conj/Necr      0%         2d5       43%         1
 Confusing Touch          Hex            0%         N/A       80%         3
 Frozen Ramparts          Ice            0%         1d1       80%         3
 Gell's Gravitas          Tloc           0%         N/A       80%         3
 Lesser Beckoning         Tloc           0%         N/A       80%         3
 Teleport Other           Tloc           0%         N/A       80%         3
 Dispel Undead            Necr           0%         3d6       99%         4
 Ice Form                 Ice/Tmut       0%         N/A       99%         4
 Summon Ice Beast         Ice/Summ       0%         N/A       99%         4


Dungeon Overview and Level Annotations

Branches:
Dungeon (3/15)

Altars:


Innate Abilities, Weirdness & Mutations

((You are very nimble when in or above water. (Stealth+, EV+, Speed+++)))
Your lower body shifts to a powerful aquatic tail in water.


Message History

The orc priest hits you but does no damage.
The orc hits you with a +0 mace.
The orc priest invokes the aid of Beogh against you.
Beogh smites you!
You puncture the orc priest!
The orc priest is heavily wounded.
The orc closely misses you.
The orc priest hits you with a +0 trident.
You hit the orc priest but do no damage.
The orc priest is moderately wounded.
The adder falls through a shaft!
The shaft crumbles and collapses.
The orc hits you with a +0 mace.
The orc priest hits you with a +0 trident.
You hit the orc priest.
The orc priest is heavily wounded.
The orc misses you.
The orc priest hits you but does no damage.
You puncture the orc priest!
The orc priest is almost dead.
The orc misses you.
The orc priest calls down the wrath of Beogh upon you.
Pain shoots through your body!
A goblin comes into view. It is wielding a +0 dagger.
The goblin shouts!
You hit the orc priest.
The orc priest is almost dead.
You hear a shout!
The orc hits you with a +0 mace. The orc priest barely misses you.
The goblin unwields a +0 dagger.
The goblin wields a +0 sling.
The goblin shoots a sling bullet.
The sling bullet barely misses you.
You completely miss the orc priest.
The orc priest is almost dead.
You barely miss the orc priest.
The orc priest is almost dead.
The orc misses you.
The orc priest mumbles some strange prayers to Beogh against you.
Pain shoots through your body!
* * * LOW HITPOINT WARNING * * *
The goblin shoots a sling bullet.
The sling bullet hits you.
You die...

#####. .<..!. .##
##### ..## # ## ..
#.#.# g.. .# .#
.g.#.#.# #..# .# .#
..#... ##... ..# .##
....# #...#..#
..##### #..###o#...#
......####>..#..@o..#
###†...##.......##..#
# ###..)..#.....# .#
# #.##..#....## .# #
#.##..#.....# .#
#.##..!.!...# ..
#.##.##..#..# .
..##...........
..##.##.##..###


You could see an orc priest, an orc and a goblin.

Vanquished Creatures
  Terence (D:2)
  5 adders
  3 worms
  7 ball pythons
  3 endoplasms (D:2)
  3 giant cockroaches (D:1)
  A goblin (D:3)
  6 hobgoblins
  2 jackals (D:2)
  4 kobolds
  A quokka (D:3)
  7 bats
  3 frilled lizards
  3 rats
49 creatures vanquished.

Vanquished Creatures (others)
  14 plants (D:2)
  3 withered plants (D:2)
17 creatures vanquished.

Grand Total: 66 creatures vanquished

Notes
Turn   | Place    | Note
-------+----------+-------------------------------------------
     0 | D:1      | NinjaNoafa the Merfolk Gladiator began the quest for the
                  | Orb.
     0 | D:1      | Reached XP level 1. HP: 16/16 MP: 1/1
   174 | D:1      | Reached XP level 2. HP: 22/23 MP: 2/2
   913 | D:2      | Noticed Terence
   922 | D:2      | Killed Terence
   923 | D:2      | Reached XP level 3. HP: 29/29 MP: 3/3
  1057 | D:2      | Reached XP level 4. HP: 35/35 MP: 4/4
  1124 | D:2      | Reached skill level 5 in Dodging
  1194 | D:2      | Found a faded altar of an unknown god.
  1812 | D:3      | Reached XP level 5. HP: 42/42 MP: 5/5
  1834 | D:3      | HP: 1/42 [orc priest/nerve-wracking pain (14)]
  1834 | D:3      | Shot with a sling bullet by a goblin

Illustrated notes

Levels and vault maps discovered:
D:1:      psy_arrival_terrarium, layout_basic
D:2:      layout_loops_ring, ebering_ecumenical_altar_petrified,
          serial_aquarium, aquarium_bridge_square [aquarium_subvault_bridge,
          aquarium_subvault_bridge, aquarium_subvault_window,
          aquarium_subvault_balcony], aquarium_window_corner, aquarium_window_2,
          aquarium_view_2d, serial_bayou_lake_a, uniq_terence
D:3:      layout_rooms, mainiacjoe_overflow_divided_tiny,
          ebering_ghost_inner_flame

Skill      XL: |  1  2  3  4 |
---------------+-------------+-----
Short Blades   | 4 |  4.8
Fighting       | 3 |  3.7
Dodging        | 5 |  5.3
Throwing       | |  2.0

Action                   |  1- 3 |  4- 6 || total
-------------------------+-------+-------++-------
Melee: Rapier            |    74 |    94 ||   168
       Tailslap          |       |     3 ||     3
Throw: Javelin           |     1 |       ||     1
       Throwing net      |     1 |       ||     1
 Stab: Held in net/web   |     3 |       ||     3
       Sleeping          |     4 |       ||     4
Armor: Leather armour    |    15 |       ||    15
       Robe              |     9 |    27 ||    36
Dodge: Dodged            |    55 |    92 ||   147

Table legend: (Time is in decaauts)
 A = Elapsed time spent in this place.
 B = Non-inter-level travel time spent in this place.
 C = Inter-level travel time spent in this place.
 D = Time resting spent in this place.
 E = Time spent auto-exploring this place.
 F = Levels seen in this place.
 G = Mean time per level.
                   A        B        C        D        E       F      G
               +--------+--------+--------+--------+--------+-----+--------+
         Total |   1801 |   1762 |     39 |      0 |   1265 |   3 |  600.3 |
       Dungeon |   1801 |   1762 |     39 |      0 |   1265 |   3 |  600.3 |
               +--------+--------+--------+--------+--------+-----+--------+

Top non-repeatable levels by time:
     D:1: 911 daAuts
     D:2: 769 daAuts
     D:3: 119 daAuts
